 Dungeon Crawl Stone Soup version 0.23-a0-26-g9187234747 (webtiles) character file.

577 Htamos the Skirmisher (level 7, -2/76 HPs)
             Began as an Ogre Berserker on Aug 3, 2018.
             Was a Priest of Trog.
             Killed from afar by an orc wizard (11 damage)
             ... with a magic dart
             ... on level 4 of the Dungeon.
             The game lasted 00:04:35 (4582 turns).

Htamos the Skirmisher (Ogre Berserker)              Turns: 4582, Time: 00:04:36

Health: -2/76      AC:  3    Str: 22    XL:     7   Next: 35%
Magic:  7/7        EV: 10    Int:  8    God:    Trog [***...]
Gold:   235        SH:  0    Dex: 10    Spells: 6/6 levels left

rFire    . . .     SeeInvis .   t - +0 giant spiked club
rCold    . . .     Gourm    .   (shield currently unavailable)
rNeg     . . .     Faith    .   b - +0 animal skin
rPois    .         Spirit   .   (helmet restricted)
rElec    .         Reflect  .   (no cloak)
rCorr    .         Harm     .   (gloves unavailable)
MR       ++...                  (boots unavailable)
Stlth    +.........             (no amulet)
HPRegen  1.22/turn              (no ring)
MPRegen  0.10/turn              (no ring)

@: berserk cooldown, regenerating, slowed, very slow
A: large, unfitting armour, tough skin 1
a: Berserk, Trog's Hand, Renounce Religion


You were on level 4 of the Dungeon.
You worshipped Trog.
Trog was most pleased with you.
You were hungry.

You visited 1 branch of the dungeon, and saw 4 of its levels.

You collected 235 gold pieces.

Inventory:

Hand Weapons
 a - a +0 mace
 t - a +0 giant spiked club (weapon)
Missiles
 j - 51 stones (quivered)
Armour
 b - a +0 animal skin (worn)
 m - a +0 large shield
Jewellery
 h - an uncursed amulet of the gourmand {unknown}
 s - an uncursed ring of wizardry {unknown}
 v - an uncursed ring of flight {unknown}
Wands
 x - a wand of digging (8)
Scrolls
 e - 4 scrolls of teleportation {unknown}
 i - 8 scrolls of identify {unknown}
 o - a scroll of remove curse {unknown}
Potions
 d - a potion of magic {unknown}
 f - a potion of haste {unknown}
 g - 6 potions of curing {unknown}
 k - a potion of resistance {unknown}
 l - a potion of flight {unknown}
 n - a potion of heal wounds {unknown}
 p - 2 potions of agility {unknown}
 q - a potion of might {unknown}
 r - a potion of mutation {unknown}
 w - a potion of lignification {unknown}
Comestibles
 c - 5 rations
 u - 4 chunks of flesh


   Skills:
 + Level 6.9 Fighting
 * Level 6.2 Maces & Flails
 - Level 2.9 Dodging


You had 6 spell levels left.
You didn't know any spells.
Your spell library was empty.

Dungeon Overview and Level Annotations

Branches:
Dungeon (4/15)
 Temple: D:4-7

Altars:
Fedhas


Innate Abilities, Weirdness & Mutations

You are too large for most types of armour.
You have tough skin. (AC +1)


Message History

* * * LOW HITPOINT WARNING * * *
You barely miss the orc wizard.
The orc wizard hits you but does no damage.
The orc wizard casts a spell at you. The puff of flame hits you!
* * * LOW HITPOINT WARNING * * *
You closely miss the orc wizard.
The orc wizard points at you and mumbles some strange words.
The magic dart hits you!
* * * LOW HITPOINT WARNING * * *
The orc wizard hits you with a dagger.
* * * LOW HITPOINT WARNING * * *
The orc wizard hits you with a dagger.
* * * LOW HITPOINT WARNING * * *
Your skin crawls.
You feel resistant to hostile enchantments.
You feel somewhat more hungry. The orc wizard casts a spell at you.
The magic dart hits you!
You die...

#############.###############.###
#+##............)....
#.############.### #.# #.# #.#
#.# #.# ######.### #.# #.........
#.# #......### #@# #......# #o#
#.o....# +.....o........o....#
##..#...............# #.
#.........####### # #.........
#......... #......... #.........


You could see an orc wizard and an orc.

Vanquished Creatures
  Sigmund (D:3)
  An ogre (D:4)
  A hound (D:4)
  3 orc priests
  An orc wizard (D:3)
  Ijyb (D:4)
  Terence (D:2)
  A worker ant (D:3)
  4 adders
  4 worms
  2 dart slugs
  2 leopard geckos
  7 orcs
  7 goblins
  7 hobgoblins
  4 jackals (D:3)
  2 quokkas (D:2)
  10 bats
  3 frilled lizards
  9 kobolds
  6 rats
77 creatures vanquished.

Notes
Turn   | Place    | Note
-------+----------+-------------------------------------------
     0 | D:1      | Htamos the Ogre Berserker began the quest for the Orb.
     0 | D:1      | Reached XP level 1. HP: 24/24 MP: 1/1
    61 | D:1      | Reached XP level 2. HP: 24/32 MP: 2/2
  1065 | D:2      | Reached XP level 3. HP: 40/40 MP: 3/3
  1678 | D:2      | Reached ** piety under Trog
  1802 | D:2      | Noticed Terence
  1811 | D:2      | Killed Terence
  1811 | D:2      | Reached XP level 4. HP: 49/49 MP: 4/4
  2427 | D:3      | Reached skill level 5 in Fighting
  2434 | D:3      | Reached XP level 5. HP: 57/57 MP: 5/5
  2660 | D:3      | Found a blossoming altar of Fedhas.
  2847 | D:3      | Noticed Sigmund
  3150 | D:3      | Killed Sigmund
  3150 | D:3      | Reached skill level 5 in Maces & Flails
  3150 | D:3      | Reached XP level 6. HP: 67/67 MP: 6/6
  3649 | D:4      | Reached XP level 7. HP: 50/76 MP: 7/7
  4169 | D:4      | Reached *** piety under Trog
  4362 | D:4      | Noticed Ijyb
  4380 | D:4      | Killed Ijyb
  4582 | D:4      | Killed from afar by an orc wizard

Vault maps used:
D:1:      dpeg_arrival_boxes_within_box
D:2:      first_ration, minivault_25, uniq_terence
D:3:      nicolae_overflow_crystal_walls, uniq_sigmund
D:4:      uniq_ijyb

Skill      XL: |  1  2  3  4  5  6  7 |
---------------+----------------------+-----
Maces & Flails | 3 4 5 6 |  6.2
Fighting       | 5 6 |  6.9
Dodging        | |  2.9

Action                   |  1- 3 |  4- 6 |  7- 9 || total
-------------------------+-------+-------+-------++-------
Melee: Mace              |   108 |   117 |       ||   225
       Giant spiked club |       |       |    67 ||    67
Invok: Berserk           |     2 |     5 |     3 ||    10
       Trog's Hand       |       |       |     1 ||     1
  Eat: Chunk             |     4 |     6 |     4 ||    14
       Ration            |       |     1 |     1 ||     2
Armor: Animal skin       |    31 |    18 |    21 ||    70
Dodge: Dodged            |    68 |    47 |    32 ||   147
Block: Large shield      |       |    16 |       ||    16

Table legend:
 A = Spawn XP
 B = Non-spawn XP
 C = Spawn XP percentage of total XP
 D = Spawn monster count
 E = Non-spawn monster count
 F = Spawn count percentage of total count
 G = Total turns spent on level
                    A         B        C        D         E        F      G
               +---------+---------+-------+---------+---------+-------+---------
         Total |       0 |     825 |   0.0 |       0 |      77 |   0.0 |  4582
               +---------+---------+-------+---------+---------+-------+---------
           D:1 |       0 |      28 |   0.0 |       0 |      16 |   0.0 |  1006
           D:2 |       0 |      73 |   0.0 |       0 |      23 |   0.0 |  1422
           D:3 |       0 |     400 |   0.0 |       0 |      26 |   0.0 |  1157
           D:4 |       0 |     324 |   0.0 |       0 |      12 |   0.0 |   997
               +---------+---------+-------+---------+---------+-------+---------
